 Dungeon Crawl Stone Soup version 0.28.0-53-g5a82cb258f (webtiles) character file.

Game seed: 10756285605414037381

1117 gobodom the Conjurer (level 8, -2/50 HPs)
             Began as an Octopode Conjurer on June 21, 2022.
             Slain by a troll (17 damage)
             ... on level 6 of the Dungeon.
             The game lasted 00:32:58 (7735 turns).

gobodom the Conjurer (Octopode Conjurer)            Turns: 7735, Time: 00:32:59

Health: -2/50      AC:  5    Str:  8    XL:     8   Next: 34%
Magic:  14/14      EV: 13    Int: 21    God:
Gold:   445        SH:  0    Dex: 10    Spells: 10/16 levels left

rFire   . . .      SeeInvis .   o - +5 quarterstaff
rCold   . . .      Faith    .   (shield currently unavailable)
rNeg    . . .      Spirit   .   (helmet restricted)
rPois   .          Reflect  .   B - amulet of regeneration
rElec   .          Harm     .   k - +4 ring of protection
rCorr   .          Rampage  .   (no ring)
Will    .....                   (no ring)
Stlth   +++.......              (no ring)
HPRegen 0.96/turn               (no ring)
MPRegen 0.14/turn               (no ring)
                                (no ring)
                                (no ring)

@: no status effects
A: almost no armour, amphibious, 8 rings, camouflage 1, gelatinous body 1,
(nimble swimmer 1), tentacles
a: no special abilities


You were on level 6 of the Dungeon.
You visited 2 branches of the dungeon, and saw 8 of its levels.
You also visited: Ossuary.

You collected 445 gold pieces.

Inventory:

Hand Weapons
 o - a +5 quarterstaff (weapon)
 v - a +1 dagger of holy wrath
 w - a +0 dagger of draining
Missiles
 h - 6 atropa-tipped darts
 n - 171 stones
 s - 9 poisoned darts
 x - 3 boomerangs of dispersal
Magical Staves
 p - a staff of fire
Jewellery
 k - a +4 ring of protection (left tentacle)
 B - an amulet of regeneration (around mantle)
Wands
 m - a wand of iceblast (2)
 A - a wand of mindburst (17)
Scrolls
 e - 3 scrolls of teleportation
 g - a scroll of amnesia
 q - 2 scrolls of blinking
 r - a scroll of silence {unknown}
 u - 2 scrolls of fog
 y - a scroll of magic mapping {unknown}
 z - a scroll of noise {unknown}
Potions
 a - 2 potions of cancellation
 b - 4 potions of invisibility
 d - a potion of flight {unknown}
 f - a potion of might
 i - a potion of berserk rage {unknown}
 j - a potion of resistance {unknown}
 l - 5 potions of attraction
 t - a potion of lignification {unknown}


   Skills:
 + Level 1.9 Fighting
 + Level 4.6 Staves
 + Level 3.1 Dodging
 + Level 4.2 Stealth
 + Level 0.6 Unarmed Combat
 + Level 4.5 Spellcasting
 + Level 6.7 Conjurations


You had 10 spell levels left.
You knew the following spells:

 Your Spells              Type           Power      Damage    Failure   Level
a - Magic Dart            Conj           100%       1d8       1%          1
b - Searing Ray           Conj           66%        2d6       1%          2
c - Dazzling Flash        Conj/Hex       36%        N/A       9%          3

Your spell library contained the following spells:

 Spells                   Type           Power      Damage    Failure   Level
 Stone Arrow              Conj/Erth      36%        3d9       9%          3
 Pain                     Necr           16%        1d4       12%         1
 Sandblast                Erth           8%         2d5       12%         1
 Ensorcelled Hibernation  Hex/Ice        8%         N/A       17%         2
 Passwall                 Tmut/Erth      3%         N/A       17%         2
 Fulminant Prism          Conj/Hex       9%         3d7       28%         4
 Iskenderun's Mystic Bla  Conj/Tloc      18%        2d6       28%         4
 Gell's Gravitas          Tloc           4%         N/A       34%         3
 Lesser Beckoning         Tloc           4%         N/A       34%         3
 Swiftness                Air            4%         N/A       34%         3
 Teleport Other           Tloc           4%         N/A       34%         3
 Animate Dead             Necr           2%         N/A       75%         4
 Agony                    Necr           4%         N/A       97%         5
 Excruciating Wounds      Necr           2%         N/A       97%         5
 Haunt                    Necr/Summ      2%         N/A       100%        7
 Infestation              Necr           2%         N/A       100%        8


Dungeon Overview and Level Annotations

Branches:
Dungeon (7/15)             Temple (1/1) D:5         Ossuary (visited)

Altars:
Ashenzari
Cheibriados
Dithmenos
Elyvilon
Fedhas
Gozag
Kikubaaqudgha
Makhleb
Okawaru
Qazlal
Ru
Sif Muna
Trog
Uskayaw
Vehumet
Wu Jian
Xom
Yredelemnul
The Shining One

Shops:
D:3 [


Innate Abilities, Weirdness & Mutations

You cannot wear most types of armour.
You are amphibious.
You can wear up to eight rings at the same time.
Your skin changes colour to match your surroundings (Stealth+).
Your rubbery body absorbs attacks. (AC +1, EV +1)
((You are camouflaged when in or above water. (Stealth+)))
You have tentacles for arms and can constrict up to eight enemies at once.


Message History

You start resting.
Magic restored.
You start resting.
HP restored.
You climb upwards.
The troll bites you. The troll barely misses you. The troll claws you.
There is a stone staircase leading down here.
Aiming: Iceblast
Press: ? - help, Q - select action, (/) - cycle Shift-Dir - straight line The mass of ice explodes!
The iceblast engulfs the troll!
The troll is heavily wounded.
You hear a shout!
The troll bites you. The troll barely misses you. The troll closely misses you.
You closely miss the troll.
The troll is heavily wounded.
The troll bites you! The troll closely misses you.
The troll claws you but does no damage.
You hit the troll. You squeeze the troll!
The troll is severely wounded.
The troll closely misses you. The troll claws you. The troll claws you!
The troll misses you. The troll claws you. x2
You closely miss the troll. Your squeeze misses the troll.
The troll is heavily wounded.
The troll closely misses you. The troll claws you.
The troll closely misses you.
You barely miss the troll. You squeeze the troll.
The troll is severely wounded.
The troll barely misses you. x2; The troll claws you but does no damage.
You closely miss the troll.
The troll is severely wounded.
The troll bites you!
* * * LOW HITPOINT WARNING * * *
The troll misses you. The troll barely misses you.
You feel better. The troll bites you!
* * * LOW HITPOINT WARNING * * *
The troll closely misses you. The troll completely misses you.
You feel better.
An orc comes into view. It is wielding a +0 mace.
The troll bites you!
You die...

##.......###... n.........
..............# .........
##.......###... .........
###........#.#.## #........
.##........#.#..# #........
.##........#.##.###........
.##..........##..##........
.##...............#o.......
................@..........
.##..............T.........
.##........................
...........######..........
###........# ##.........
.........# ..........
≈≈≈≈≈. ......#### ......#


You could see a troll and an orc.

Vanquished Creatures
  A black bear (D:5)
  A sky beast (D:5)
  A necrophage (D:7)
  2 centaurs
  A phantom (D:5)
  Blork the orc (D:5)
  A jelly (D:5)
  A howler monkey (D:6)
  An orc priest (D:5)
  A gnoll shaman (D:5)
  A centaur skeleton (D:5)
  A scorpion zombie (D:5)
  4 orc wizards
  8 mummies (Ossuary)
  2 adders
  4 gnolls (D:5)
  2 dart slugs (D:1)
  2 worms
  20 orcs
  5 endoplasms
  5 giant cockroaches (D:2)
  2 gnoll zombies (Ossuary)
  5 goblins
  10 hobgoblins
  4 jackals
  6 quokkas
  3 ball pythons
  3 bats
  4 frilled lizards
  A goblin zombie (D:4)
  4 hobgoblin zombies (Ossuary)
  15 kobolds
  A kobold zombie (Ossuary)
  An orc zombie (Ossuary)
  A quokka zombie (D:4)
  2 rats (D:1)
127 creatures vanquished.

Vanquished Creatures (others)
  4 plants (D:4)
4 creatures vanquished.

Grand Total: 131 creatures vanquished

Notes
Turn   | Place    | Note
-------+----------+-------------------------------------------
     0 | D:1      | gobodom the Octopode Conjurer began the quest for the Orb.
     0 | D:1      | Reached XP level 1. HP: 11/11 MP: 3/3
   270 | D:1      | Reached XP level 2. HP: 17/17 MP: 3/5
   646 | D:1      | Reached XP level 3. HP: 17/21 MP: 1/6
  1516 | D:2      | Found a bloodstained altar of Trog.
  1608 | D:2      | Found a faded altar of an unknown god.
  1637 | D:2      | Reached XP level 4. HP: 14/27 MP: 2/7
  1918 | D:2      | Reached skill level 5 in Conjurations
  2164 | D:3      | Learned a level 2 spell: Searing Ray
  2443 | D:3      | Found Hecsed's Antique Armour Shoppe.
  3459 | D:4      | Found a sand-covered staircase.
  3469 | Ossuary  | Entered an ossuary
  3617 | Ossuary  | Reached skill level 1 in Staves
  3617 | Ossuary  | Reached XP level 5. HP: 31/31 MP: 1/8
  4635 | D:4      | Learned a level 3 spell: Dazzling Flash
  4642 | D:4      | Reached XP level 6. HP: 31/37 MP: 4/10
  4722 | D:4      | HP: 1/36 [centaur/+0 spear (13)]
  5213 | D:5      | Entered Level 5 of the Dungeon
  5213 | D:5      | Noticed a sky beast
  5221 | D:5      | Killed a sky beast
  5222 | D:5      | Reached skill level 1 in Fighting
  5369 | D:5      | Reached XP level 7. HP: 43/43 MP: 6/12
  5459 | D:5      | HP: 1/43 [centaur/arrow (4)]
  6003 | D:5      | Reached skill level 6 in Conjurations
  6095 | D:5      | Found a staircase to the Ecumenical Temple.
  6107 | Temple   | Entered the Ecumenical Temple
  6630 | D:5      | Noticed Blork the orc
  6655 | D:5      | Killed Blork the orc
  6829 | D:5      | Reached XP level 8. HP: 38/50 MP: 11/14
  7583 | D:6      | Found a blossoming altar of Fedhas.
  7675 | D:6      | Noticed a troll
  7735 | D:6      | Slain by a troll

Illustrated notes

Levels and vault maps discovered:
D:1:      minmay_arrival_shoal_huts, layout_loops_ring, minmay_heptomino_w4
D:2:      layout_loops_ring, chequers_ecumenical_altar_island, basic_altar,
          minmay_misc_feat_pillars, kennysheep_small_spiral,
          minmay_worlds_worst_comb
D:3:      layout_loops_corners, serial_shops, shop_statue, serial_aquarium,
          aquarium_bridge_long_joined [aquarium_subvault_bridge,
          aquarium_subvault_bridge, aquarium_subvault_window,
          aquarium_subvault_bridge, aquarium_subvault_bridge,
          aquarium_subvault_window], aquarium_window_corridor_1,
          aquarium_window_1, aquarium_window_1, aquarium_view_2e
D:4:      corexii_shack_village, layout_basic, enter_ossuary_4
D:5:      layout_gridville, minmay_temple_entry_slanted, serial_rivers,
          chequers_serial_rivers_micro_e, chequers_serial_rivers_small_b,
          chequers_serial_rivers_small_b, chequers_serial_rivers_marsh,
          uniq_blork_the_orc
D:6:      layout_basic, fedhas_altar_2,
          mainiacjoe_overflow_concentric_impassable
D:7:      layout_basic
Temple:   dpeg_five_rooms_temple

Skill      XL: |  1  2  3  4  5  6  7 |
---------------+----------------------+-----
Stealth        | 3 4 |  4.2
Conjurations   | 5 6 |  6.7
Staves         | 1 2 3 4 |  4.6
Spellcasting   | 3 4 |  4.5
Fighting       | 1 |  1.9
Dodging        | 3 |  3.1
Unarmed Combat | |  0.6

Action                   |  1- 3 |  4- 6 |  7- 9 || total
-------------------------+-------+-------+-------++-------
Melee: Unarmed           |    19 |       |       ||    19
       Tentacles         |     8 |     8 |    12 ||    28
       Constrict         |     2 |    13 |    10 ||    25
       Quarterstaff      |       |    54 |    60 ||   114
       Hand axe          |       |     3 |       ||     3
 Cast: Magic Dart        |    71 |    89 |    95 ||   255
       Searing Ray       |       |     1 |     2 ||     3
Evoke: Wand              |       |       |     1 ||     1
  Use: Scroll            |       |     7 |     4 ||    11
       Potion            |       |       |     2 ||     2
Armor: Skin              |     5 |    12 |    28 ||    45
Dodge: Dodged            |    10 |    32 |    68 ||   110
